 Dungeon Crawl Stone Soup version 0.18-a0-1628-g61c6396 (webtiles) character file.

2048 Oddball22 the Insei (level 9, 0/46 HPs)
             Began as a Vine Stalker Transmuter on Mar 25, 2016.
             Was a Priest of Ru.
             Slain by a komodo dragon (6 damage)
             ... on level 8 of the Dungeon.
             The game lasted 00:16:26 (6185 turns).

Oddball22 the Insei (Vine Stalker Transmuter)       Turns: 6185, Time: 00:16:27

Health: 0/46       AC:  3    Str: 13    XL:     9   Next: 24%
Magic:  0/18       EV: 14    Int: 13    God:    Ru [***...]
Gold:   502        SH:  0    Dex: 18    Spells: 5 memorised, 4 levels left

rFire  . . .     SeeInvis .       - Unarmed
rCold  . . .     Gourm    .     b - +0 robe
rNeg   . . .     Faith    .     (shield currently unavailable)
rPois  .         Spirit   +     (no helmet)
rElec  .         Dismiss  .     l - +0 cloak
rCorr  .         Reflect  .     (gloves currently unavailable)
SustAt .         Harm     .     (no boots)
MR     +....                    (no amulet)
Stlth  ++........               D - +2 ring of evasion
                                f - ring of wizardry

@: blade hands, somewhat resistant to hostile enchantments, unstealthy
A: fangs 3, regeneration 2, magic shield, antimagic bite, no device heal 3, rot
immunity, inability to use devices
a: End Transformation, Draw Out Power, Renounce Religion


You were on level 8 of the Dungeon.
You worshipped Ru.
Ru was most pleased with you.
You were not hungry.
You had blades for hands.
You visited 1 branch of the dungeon, and saw 8 of its levels.

You collected 502 gold pieces.

Inventory:

Hand Weapons
 C - a +1 flail of holy wrath
 I - a +0 dagger of draining
 J - the +5 dagger "Wufoud" {distort, rF- rN+ Str+8 SInv}
   (You found it on level 7 of the Dungeon)

   It warps and distorts space around it.
   Unwielding it can cause banishment or high damage.
   It affects your strength (+8).
   It makes you vulnerable to fire.
   It protects you from negative energy.
   It lets you see invisible.
Missiles
 a - 123 arrows
Armour
 b - a +0 robe (worn)
 g - a +0 pair of gloves (melded)
 l - a +0 cloak (worn)
Jewellery
 f - a ring of wizardry (left scythe-like blade)
 v - an uncursed ring of sustain attributes
 A - an uncursed ring of resist corrosion
 D - a +2 ring of evasion (right scythe-like blade)
Scrolls
 e - a scroll of noise {unknown}
 i - a scroll of identify
 j - 3 scrolls of fog {unknown}
 n - 3 scrolls of remove curse {unknown}
 p - 2 scrolls of fear {unknown}
 t - a scroll of teleportation {unknown}
 u - a scroll of enchant weapon {unknown}
 y - 2 scrolls of immolation {unknown}
 z - 2 scrolls of random uselessness {unknown}
 E - a scroll of amnesia {unknown}
Potions
 s - a potion of lignification
 x - a potion of cure mutation
 B - a potion of flight
 F - 2 potions of curing
Books
 c - a book of Changes

   Spells                             Type                      Level
   a - Beastly Appendage              Transmutation                1
   b - Sticks to Snakes               Transmutation                2
   c - Spider Form                    Transmutation/Poison         3
   d - Ice Form                       Ice/Transmutation            4
   e - Blade Hands                    Transmutation                5
 H - a book of Battle

   Spells                             Type                      Level
   a - Infusion                       Charms                       1
   b - Shroud of Golubria             Charms/Translocation         2
   c - Song of Slaying                Charms                       2
   d - Spectral Weapon                Hexes/Charms                 3
   e - Regeneration                   Charms/Necromancy            3
Comestibles
 d - 5 bread rations
 h - 3 fruits
 q - 3 meat rations
 r - a slice of pizza
 G - a royal jelly


   Skills:
 + Level 4.3 Fighting
 - Level 1.5 Dodging
 + Level 5.8 Unarmed Combat
 - Level 5.5 Spellcasting
 + Level 5.7 Transmutations
 + Level 2.3 Ice Magic
 + Level 5.1 Poison Magic


You had 4 spell levels left.
You knew the following spells:

 Your Spells              Type           Power        Failure   Level  Hunger
a - Beastly Appendage     Trmt           ###...       7%          1    None
b - Sticks to Snakes      Trmt           ###.....     10%         2    ##.....
c - Spider Form           Trmt/Pois      ###.......   17%         3    ###....
d - Ice Form              Ice/Trmt       ##......     45%         4    ####...
e - Blade Hands           Trmt           ###.......   54%         5    ######.


Dungeon Overview and Level Annotations

Branches:
Dungeon (8/15)             Temple (0/1) D:6
   Lair: D:8-11

Altars:
Ru

Shops:
D:6 !

Annotations:
D:7 4 runed doors


Innate Abilities, Weirdness & Mutations

You have razor-sharp teeth.
You heal very quickly.
When hurt, damage is shared between your health and your magic reserves.
Your bite disrupts and absorbs the magic of your enemies.
Potions and wands cannot restore your health.
You are immune to rotting.
You cannot study or use magical devices.


Message History

The komodo dragon is moderately wounded.
The komodo dragon closely misses you.
You hit the komodo dragon but do no damage.
The komodo dragon is moderately wounded.
The komodo dragon bites you!!
You barely miss the komodo dragon. You slash the komodo dragon.
The komodo dragon is heavily wounded.
The komodo dragon completely misses you.
You barely miss the komodo dragon.
The komodo dragon is heavily wounded.
The komodo dragon bites you!
You slash the komodo dragon! Your bite misses the komodo dragon.
The komodo dragon is severely wounded.
The komodo dragon bites you!!
* * * LOW HITPOINT WARNING * * *
You hit the komodo dragon. You slash the komodo dragon.
You bite the komodo dragon, but do no damage.
The komodo dragon is severely wounded.
The komodo dragon bites you!
You die...

#...........#
#...........#
#..........##
###......###
#......#
#......#
#......#
#..(...#
#...@..#
#<..l....#
#...(..#.#
#..........
#...........
#...........
#...........
#........)..


You could see a komodo dragon.

Vanquished Creatures
  Edmund (D:6)
  An orc warrior (D:7)
  A sky beast (D:6)
  3 ogres (D:5)
  4 centaurs
  3 giant frogs
  2 scorpions
  3 killer bees (D:7)
  3 howler monkeys (D:7)
  4 crimson imps
  2 hounds
  A centaur skeleton (D:4)
  2 orc wizards
  An iguana (D:6)
  3 worker ants
  A hound zombie (D:6)
  A hound skeleton (D:6)
  A howler monkey zombie (D:7)
  12 adders
  2 shadow imps
  An ooze (D:2)
  An adder zombie (D:5)
  2 adder skeletons
  4 worms
  3 giant geckos
  9 orcs
  7 giant cockroaches
  5 goblins
  2 hobgoblins
  4 jackals (D:5)
  5 kobolds
  4 quokkas
  A ball python zombie (D:5)
  5 bats
  4 giant newts
  5 rats
113 creatures vanquished.

Vanquished Creatures (others)
  An orc (D:7)
1 creature vanquished.

Grand Total: 114 creatures vanquished

Notes
Turn   | Place    | Note
--------------------------------------------------------------
     0 | D:1      | Oddball22 the Vine Stalker Transmuter began the quest for the Orb.
     0 | D:1      | Reached XP level 1. HP: 9/9 MP: 4/4
    73 | D:1      | Reached skill level 1 in Fighting
   475 | D:1      | Reached XP level 2. HP: 14/14 MP: 6/6
   939 | D:1      | Learned a level 2 spell: Sticks to Snakes
  1143 | D:2      | Reached XP level 3. HP: 16/18 MP: 7/7
  2078 | D:3      | Reached XP level 4. HP: 18/22 MP: 7/9
  2423 | D:4      | Reached XP level 5. HP: 26/26 MP: 10/10
  2431 | D:4      | Learned a level 3 spell: Spider Form
  2927 | D:4      | Reached skill level 1 in Poison Magic
  3388 | D:5      | Entered Level 5 of the Dungeon
  3388 | D:5      | Found a sacrificial altar of Ru.
  3422 | D:5      | Became a worshipper of Ru the Awakened
  3582 | D:5      | Gained mutation: You heal very quickly. [Vine Stalker growth]
  3582 | D:5      | Reached XP level 6. HP: 11/31 MP: 5/11
  3895 | D:5      | Reached XP level 7. HP: 22/35 MP: 8/13
  4750 | D:6      | Gained mutation: You have razor-sharp teeth. [Vine Stalker growth]
  4750 | D:6      | Reached XP level 8. HP: 12/40 MP: 4/15
  4832 | D:6      | Found Plog's Distillery.
  4888 | D:6      | Noticed Edmund
  4897 | D:6      | Killed Edmund
  4897 | D:6      | Reached skill level 5 in Spellcasting
  5018 | D:6      | Gained mutation: You cannot study or use magical devices. [Ru sacrifice]
  5018 | D:6      | Reached * piety under Ru
  5018 | D:6      | Reached ** piety under Ru
  5018 | D:6      | Reached *** piety under Ru
  5154 | D:6      | Reached skill level 5 in Unarmed Combat
  5314 | D:6      | Reached skill level 5 in Transmutations
  5352 | D:6      | Found a staircase to the Ecumenical Temple.
  5399 | D:6      | Learned a level 4 spell: Ice Form
  5405 | D:6      | Learned a level 5 spell: Blade Hands
  5497 | D:7      | Reached skill level 1 in Ice Magic
  5617 | D:7      | Found a huge runed gate.
  5618 | D:7      | Found a huge runed gate.
  5619 | D:7      | Found a huge runed gate.
  5620 | D:7      | Noticed a polar bear
  5620 | D:7      | Noticed a polar bear
  5620 | D:7      | Found a huge runed gate.
  5621 | D:7      | Noticed a polar bear
  5621 | D:7      | Noticed a polar bear
  5621 | D:7      | Noticed a yak
  5621 | D:7      | Noticed a griffon
  5621 | D:7      | Noticed a polar bear
  5629 | D:7      | Noticed a griffon
  5629 | D:7      | Noticed a yak
  5694 | D:7      | Reached XP level 9. HP: 35/45 MP: 9/18
  5889 | D:7      | Got a crude dagger
  5965 | D:7      | Reached skill level 5 in Poison Magic
  5988 | D:7      | Identified the +5 dagger "Wufoud" {distort, rF- rN+ Str+8 SInv} (You found it on level 7 of the Dungeon)
  6176 | D:8      | Noticed a komodo dragon
  6185 | D:8      | Slain by a komodo dragon

Vault maps used:
D:1:      dpeg_arrival_rooms_b
D:2:      kennysheep_cross_room
D:3:      kennysheep_boxes
D:4:      kennysheep_generic_room_3
D:5:      first_bread, nicolae_sextant, nicolae_ru_awakened_eye
D:6:      minmay_temple_entry_enclosed_plants, serial_shops, shop_coins,
          uniq_edmund
D:7:      lemuel_bear_cage
D:8:      dpeg_lair_monsters, serial_corexii_hall, corexii_hall_statues_i,
          corexii_hall_statues_i

Skill      XL: |  1  2  3  4  5  6  7  8  9 |
---------------+----------------------------+-----
Fighting       | 1 2 3 4 |  4.3
Transmutations | 3 4 5 |  5.7
Spellcasting   | 3 4 5 |  5.5
Poison Magic   | 2 3 4 5 |  5.1
Unarmed Combat | 4 5 |  5.8
Ice Magic      | 1 2 |  2.3
Dodging        | |  1.5

Action                   |  1- 3 |  4- 6 |  7- 9 || total
-------------------------+-------+-------+-------++-------
Melee: Unarmed           |   131 |   163 |   240 ||   534
 Cast: Beastly Appendage |     5 |    16 |    19 ||    40
       Spider Form       |       |     1 |     9 ||    10
       Blade Hands       |       |       |     1 ||     1
Invok: Sacrifice Artific |       |       |     1 ||     1
  Use: Potion            |     1 |       |     1 ||     2
       Scroll            |       |       |     4 ||     4
 Stab: Sleeping          |     1 |     1 |       ||     2
       Distracted        |       |       |     2 ||     2
       Invisible         |       |       |     2 ||     2
  Eat: Chunk             |     4 |     5 |     8 ||    17
       Beef jerky        |       |       |     1 ||     1
